Map: Thunderbird LE

Players

Alpha

  • Race: Zerg Zerg
  • League: Master
  • Spawn Location: 5:00

Mez - Winner!

  • Race: Terran Terran
  • League: Master
  • Spawn Location: 11:00

VOD

Have the link to the VOD?

Description

Time

  • Played on: Aug. 23, 2019, 5:11 p.m.
  • Length: 13:30
Show
View Real Time Build Order
Export as new Build Order

Alpha Zerg 

Build Orders: Hatch First 

Get SALT Encoding   

  12  0:00  Drone  
  13  0:08  Drone  
  14  0:16  Overlord  
  14  0:34  Drone x3  
  17  0:46  Drone  
  18  0:56  Hatchery  
  17  1:04  Extractor  
  16  1:13  Spawning Pool  
  16  1:14  Drone  
  16  1:18  Drone  
  16  1:22  Drone  
  18  1:28  Drone  
  19  1:38  Overlord  
  19  1:49  Drone  
  20  2:05  Metabolic Boost  
  20  2:06  Hatchery  
  19  2:09  Zergling x2  
  19  2:11  Zergling x2  
  21  2:21  Queen  
  23  2:25  Zergling x2  
  23  2:28  Zergling x2  
  24  2:38  Zergling x2  
  24  2:39  Zergling x2  
  26  2:52  Queen  
  26  2:53  Baneling Nest  
  27  3:01  Overlord  
  26  3:08  Drone  
  26  3:09  Drone x2  
  29  3:23  Drone  
  30  3:36  Zergling x2  
  30  3:37  Zergling x10  
  30  3:39  Drone x3  
  39  3:43  Drone  
  39  3:45  Zergling x2  
  39  4:06  Drone x4  
  39  4:08  Zergling x4  
  44  4:18  Zergling x4  
  44  4:19  Zergling x6  
  49  4:40  Baneling x3  
  49  4:41  Baneling  
  49  4:43  Overlord x2  
  49  4:44  Overlord  
  49  4:49  Overlord x3  
  49  4:52  Lair  
  49  4:59  Baneling x2  
  49  5:00  Baneling x4  
  49  5:01  Baneling  
  49  5:05  Zergling x8  
  53  5:09  Zergling x4  
  53  5:10  Zergling x2  
  53  5:13  Zergling x4  
  56  5:25  Zergling x2  
  55  5:29  Zergling x2  
  55  5:30  Zergling x8  
  55  5:31  Zergling x4  
  59  5:37  Zergling x2  
  54  5:43  Spore Crawler  
  54  5:45  Spore Crawler  
  45  5:51  Drone x2  
  45  5:56  Spore Crawler  
  46  5:57  Extractor  
  46  5:58  Extractor  
  46  6:01  Spore Crawler  
  43  6:19  Baneling  
  43  6:20  Baneling x6  
  43  6:30  Drone x4  
  43  6:31  Drone  
  49  6:32  Drone  
  42  7:07  Zergling x26  
  50  7:11  Zergling x2  
  44  7:19  Drone  
  44  7:20  Drone x4  
  49  7:27  Centrifical Hooks  
  49  7:33  Drone  
  49  7:35  Queen  
  52  7:44  Zergling x6  
  52  7:45  Zergling x2  
  53  7:51  Zergling x6  
  53  8:08  Zergling x6  
  53  8:09  Zergling x6  
  54  8:16  Zergling x4  
  54  8:17  Zergling x6  
  54  8:18  Drone  
  57  8:20  Queen  
  59  8:28  Spire  
  58  8:42  Baneling x4  
  58  8:50  Baneling x2  
  58  8:51  Baneling  
  58  8:54  Zergling x14  
  58  8:55  Zergling x14  
  70  9:04  Zergling x2  
  67  9:11  Drone  
  67  9:16  Drone x2  
  67  9:17  Drone x3  
  72  9:32  Baneling x5  
  72  9:33  Baneling x2  
  72  9:34  Zergling x6  
  75  9:40  Drone  
  75  9:45  Zergling x12  
  81  10:00  Baneling x5  
  81  10:01  Overlord x3, Baneling x3  
  80  10:19  Overlord x3  
  80  10:20  Mutalisk x3  
  85  10:27  Drone x2  
  85  10:28  Mutalisk, Drone  
  90  10:38  Extractor  
  90  10:40  Mutalisk, Extractor  
  90  10:41  Extractor, Drone x9  
  98  10:45  Drone x3  
  100  11:12  Mutalisk x2  
  100  11:14  Zergling x20  
  114  11:29  Overlord x5  
  114  11:30  Overlord  
  113  11:37  Zergling x6  
  113  11:38  Zergling x2  
  101  11:48  Zergling x12  
  107  11:54  Baneling  
  107  11:55  Baneling x17  
  107  11:56  Baneling x2  
  107  11:58  Zergling x8  
  111  12:05  Drone x2  
  113  12:10  Zergling x10  
  118  12:21  Zergling x4  
  118  12:22  Zergling x12  
  126  12:35  Zergling x10  
  86  13:01  Zergling x8  
  86  13:02  Zergling x12  
  86  13:05  Zergling x2  
Show
View Real Time Build Order
Export as new Build Order

Mez Terran - Winner!

Build Orders: Liberator Opening, Reaper Expand 

Get SALT Encoding   

  12  0:00  SCV  
  13  0:13  SCV  
  14  0:19  Supply Depot  
  14  0:25  SCV  
  15  0:41  SCV  
  15  0:42  Barracks  
  16  0:47  Refinery  
  16  0:53  SCV  
  17  1:05  SCV  
  18  1:17  SCV  
  19  1:30  Orbital Command, Reaper  
  20  1:42  Command Center  
  20  1:49  Supply Depot  
  20  1:57  SCV  
  21  2:02  Marine  
  22  2:12  Factory  
  22  2:15  Refinery  
  22  2:18  SCV  
  23  2:26  Barracks Reactor  
  23  2:30  SCV  
  24  2:42  SCV  
  25  3:03  SCV  
  26  3:08  Starport  
  26  3:09  Orbital Command  
  26  3:11  Hellion x2, Barracks Tech Lab  
  30  3:15  SCV  
  31  3:28  SCV  
  31  3:32  Liberator  
  34  3:34  Hellion x2  
  34  3:35  Supply Depot  
  34  3:37  SCV  
  34  3:39  Marauder  
  34  3:41  SCV  
  41  3:53  SCV  
  41  3:54  SCV  
  44  3:56  Hellion  
  44  3:57  Hellion  
  47  4:08  SCV x2  
  47  4:09  Marine  
  50  4:10  Stimpack  
  50  4:18  Supply Depot  
  50  4:26  SCV x2  
  50  4:31  Factory Reactor  
  52  4:36  Starport Reactor  
  52  4:38  SCV  
  52  4:40  Barracks  
  52  4:41  Barracks  
  52  4:44  Command Center  
  52  4:45  SCV  
  54  4:53  SCV  
  54  4:57  Marine  
  54  4:58  Supply Depot  
  56  5:02  SCV  
  56  5:05  SCV, Supply Depot  
  56  5:07  Supply Depot  
  58  5:14  SCV  
  58  5:17  SCV  
  58  5:29  Marine x2  
  58  5:30  Marine  
  50  5:39  Factory Tech Lab, SCV x2  
  47  5:46  Marine, Medivac  
  47  5:47  Marine x2  
  52  5:51  SCV x2  
  54  5:57  Marine, Supply Depot  
  54  6:03  SCV x2  
  57  6:04  Combat Shield  
  57  6:11  Supply Depot  
  57  6:15  SCV x2  
  59  6:21  Medivac  
  59  6:22  Medivac  
  63  6:27  SCV  
  63  6:29  SCV  
  63  6:31  Marine  
  63  6:32  Marine  
  67  6:37  Supply Depot  
  68  6:40  SCV  
  68  6:41  SCV  
  68  6:43  Orbital Command  
  68  6:46  Marine x2  
  53  7:10  Marine  
  53  7:11  Marine  
  53  7:12  SCV x3  
  57  7:21  Engineering Bay  
  57  7:23  Engineering Bay  
  57  7:24  SCV x2, Refinery  
  57  7:25  SCV, Medivac x2, Refinery  
  57  7:27  Siege Tank  
  57  7:28  Marine x2  
  69  7:36  SCV x2  
  71  7:42  Supply Depot  
  69  7:56  Marine x3  
  68  7:59  Marine  
  68  8:00  Marine  
  68  8:01  Siege Tank  
  66  8:14  Marine x3  
  66  8:17  Marine x2  
  70  8:20  SCV x3  
  70  8:24  Supply Depot  
  70  8:26  Terran Infantry Armor Level 1, Terran Infantry Weapons Level 1  
  72  8:31  Marine  
  72  8:32  Barracks, SCV x3  
  72  8:33  Siege Tank  
  72  8:34  Barracks  
  79  8:36  Marine x3  
  82  8:41  Marine  
  82  8:44  SCV  
  82  8:48  Supply Depot  
  82  8:49  Marine  
  82  8:54  Marine x3  
  86  8:59  Marine  
  87  9:08  Marine  
  87  9:09  Siege Tank  
  88  9:10  Medivac x2  
  88  9:12  Marine x3  
  88  9:15  Factory  
  88  9:17  Marine, SCV x3  
  99  9:25  Supply Depot  
  99  9:26  Marine  
  99  9:28  Liberator  
  99  9:30  Marine x2  
  102  9:36  Barracks Reactor x2  
  102  9:44  Marine x3  
  108  9:47  Siege Tank  
  111  10:02  Supply Depot  
  111  10:03  SCV x2  
  111  10:04  SCV  
  111  10:05  Command Center  
  114  10:15  SCV x2  
  114  10:16  SCV  
  114  10:18  Liberator  
  115  10:21  Marine x8  
  115  10:22  Marine  
  115  10:23  Factory Reactor  
  115  10:24  Siege Tank  
  115  10:27  SCV x2  
  129  10:29  Armory  
  132  10:39  Marine x2  
  134  10:43  Marine x7  
  141  10:50  SCV  
  141  10:51  SCV  
  141  10:54  SCV, Refinery  
  141  10:55  Refinery  
  141  10:57  Marine  
  144  11:00  Missile Turret  
  144  11:01  Missile Turret  
  144  11:02  Missile Turret  
  144  11:03  SCV x2  
  144  11:05  Widow Mine x2  
  140  11:27  Marine x4  
  140  11:28  Marine x4  
  140  11:31  Thor, Widow Mine x2  
  158  11:34  Liberator  
  158  11:35  Liberator  
  163  12:09  Command Center, SCV  
  164  12:20  Supply Depot x3  
  164  12:21  SCV x3, Widow Mine x3  
  173  12:33  SCV x2  
  173  12:34  Marine, SCV  
  173  12:35  Marine x3  
  180  12:37  Planetary Fortress  
  180  12:40  Missile Turret  
  180  12:41  Marine x4  
  184  12:45  SCV  
  162  12:56  Cyclone  
  124  12:58  Marine x5  
  124  12:59  Marine x4  
  118  13:19  Barracks  
  126  13:20  Barracks  
  126  13:21  Barracks  
Tags
 
Add a new tag
Caveats
  • Supply blocks, unpowered buildings, or Contaminate may cause inaccurate times.
  • Supply counts are checked every 10 seconds.